 Dungeon Crawl Stone Soup version 0.19.3 (webtiles) character file.

189 ponk the Covert (level 5, -3/34 HPs)
             Began as an Octopode Assassin on Jan 23, 2017.
             Killed from afar by Dowan (16 damage)
             ... with a puff of flame
             ... on level 4 of the Dungeon.
             The game lasted 00:06:16 (2953 turns).

ponk the Covert (Octopode Assassin)                 Turns: 2953, Time: 00:06:17

Health: -3/34      AC:  1    Str: 11    XL:     5   Next: 68%
Magic:  5/5        EV: 13    Int: 13    God:
Gold:   130        SH:  0    Dex: 14    Spells: 0 memorised, 4 levels left

rFire  x . .     SeeInvis .     j - -1 dagger (curse)
rCold  + . .     Gourm    .     (no shield)
rNeg   . . .     Faith    .     (helmet restricted)
rPois  .         Spirit   .     (no amulet)
rElec  .         Reflect  .     k - ring of wizardry
rCorr  .         Harm     .     m - ring of wizardry
MR     .....                    t - ring of ice
Stlth  +++++.....               (no ring)
                                (no ring)
                                (no ring)
                                (no ring)
                                (no ring)

@: no status effects
A: almost no armour, stealthy swim, amphibious, 8 rings, constrict 8, camouflage
1, gelatinous body 1
a: no special abilities


You were on level 4 of the Dungeon.
You were not hungry.

You visited 1 branch of the dungeon, and saw 4 of its levels.

You collected 130 gold pieces.

Inventory:

Hand Weapons
 a - a +2 dagger
 b - a +0 blowgun
 j - a cursed -1 dagger (weapon)
Missiles
 c - 30 poisoned needles
 d - 2 curare-tipped needles
Jewellery
 k - a ring of wizardry (left tentacle)
 m - a ring of wizardry (right tentacle)
 t - a ring of ice (on tentacle)
 u - a +3 ring of strength {unknown}
Scrolls
 p - 2 scrolls of identify
 s - a scroll of enchant armour
Potions
 e - 2 potions of might
 g - a potion of ambrosia
 l - a potion of agility
 n - 3 potions of curing
 q - a potion of mutation {unknown}
Comestibles
 f - 3 bread rations
 h - 4 chunks of flesh
 i - 5 fruits
 o - a beef jerky
 r - a slice of pizza


   Skills:
 - Level 2.0 Fighting
 - Level 2.0 Short Blades
 - Level 2.0 Throwing
 - Level 1.0 Dodging
 + Level 9.4 Stealth


You had 4 spell levels left.
You didn't know any spells.

Dungeon Overview and Level Annotations

Branches:
Dungeon (4/15)
 Temple: D:4-7

Altars:
The Shining One

Annotations:
D:4 Dowan, Duvessa


Innate Abilities, Weirdness & Mutations

You cannot wear most types of armour.
You are very stealthy in the water. (Stealth+)
You are amphibious.
You can wear up to eight rings at the same time.
You can use your tentacles to constrict eight enemies at once.
Your skin changes colour to match your surroundings (Stealth+).
Your rubbery body absorbs attacks. (AC +1, EV +1)


Message History

You perforate Blork the orc like a sieve!!!
You kill Blork the orc!
Your Stealth skill increases to level 9!
Duvessa, Sister of Dowan comes into view.
She is wielding a short sword.
Duvessa shouts!
Duvessa moves out of view.
Things that are here:
a war axe of freezing; a robe; the orc corpse of Blork the orc Duvessa says, "When magic and the sword combine, nothing stands against them."
There is a stone staircase leading down here.
You can't go up here!
Unknown command.
You can't go up here!
Duvessa hits you with a short sword. Dowan casts a spell at you.
The puff of flame hits you! The fire burns you terribly!
Ouch! That really hurt!
Dowan casts a spell at you. The puff of flame hits you!
The fire burns you terribly!
You die...

###### #....#####
#........## #.........##
#...>......######
#...............#
##.......e......#
#.........@....#
#######..e...........#
...............#........
#######...........(..#..
..#####.................
.....#...r...........##
#.!..)...........##
#..###..)............#
................


You could see Duvessa, Dowan and a quokka.

Vanquished Creatures
  Blork the orc (D:4)
  2 adders (D:3)
  2 oozes (D:3)
  2 worms (D:2)
  4 dart slugs
  A leopard gecko (D:1)
  2 orcs (D:3)
  2 ball pythons (D:1)
  11 bats
  10 giant cockroaches
  8 goblins
  6 hobgoblins
  4 jackals (D:2)
  A quokka (D:2)
  6 frilled lizards
  9 kobolds
  7 rats
78 creatures vanquished.

Notes
Turn   | Place    | Note
-------+----------+-------------------------------------------
     0 | D:1      | ponk the Octopode Assassin began the quest for the Orb.
     0 | D:1      | Reached XP level 1. HP: 14/14 MP: 1/1
   242 | D:1      | Reached XP level 2. HP: 19/19 MP: 2/2
   245 | D:1      | Reached skill level 6 in Stealth
   470 | D:1      | Found a glowing golden altar of the Shining One.
   735 | D:1      | Reached XP level 3. HP: 24/24 MP: 3/3
   924 | D:2      | Reached skill level 7 in Stealth
  1604 | D:2      | Reached XP level 4. HP: 17/29 MP: 4/4
  2213 | D:3      | Reached skill level 8 in Stealth
  2691 | D:3      | Reached XP level 5. HP: 29/34 MP: 5/5
  2925 | D:4      | Noticed Blork the orc
  2929 | D:4      | Noticed Dowan
  2932 | D:4      | Killed Blork the orc
  2932 | D:4      | Reached skill level 9 in Stealth
  2933 | D:4      | Noticed Duvessa
  2953 | D:4      | Killed from afar by Dowan

Skill      XL: |  1  2  3  4  5 |
---------------+----------------+-----
Stealth        | 6 7 8 9 |  9.4
Fighting       | |  2.0
Short Blades   | |  2.0
Throwing       | |  2.0
Dodging        | |  1.0

Action                   |  1- 3 |  4- 6 || total
-------------------------+-------+-------++-------
Melee: Dagger            |   100 |    67 ||   167
       Constrict         |    28 |    22 ||    50
       Tentacles         |    18 |    18 ||    36
  Use: Scroll            |     4 |     5 ||     9
 Stab: Sleeping          |    14 |    13 ||    27
  Eat: Chunk             |     2 |     4 ||     6
Armor: Skin              |     9 |     5 ||    14
Dodge: Dodged            |    68 |    41 ||   109
